 Dungeon Crawl Stone Soup version 0.31-a0-1522-g43313d8a59 (webtiles) character file.

Game seed: 1198807988241485973

49 Aldia the Sneak (level 3, 0/19 HPs)
             Began as a Vampire Enchanter on Dec 30, 2023.
             Was an Initiate of Ru.
             Slain by a hobgoblin (5 damage)
             ... on level 2 of the Dungeon.
             The game lasted 00:02:32 (1043 turns).

Aldia the Sneak (Vampire Enchanter)                 Turns: 1043, Time: 00:02:32

Health: 0/19       AC:  2    Str:  7    XL:     3   Next: 53%
Magic:  0/6        EV: 12    Int: 17    God:    Ru [......]
Gold:   47         SH:  0    Dex: 16    Spells: 1/6 levels left

rFire   . . .        f - +0 dagger (speed)
rCold   + + .        (no shield)
rNeg    + + +        b - +0 robe
rPois   ∞            (no helmet)
rElec   .            (no cloak)
rCorr   .            (no gloves)
SInv    +            (no boots)
Will    .....        (no amulet)
Stlth   +++++        (no ring)
HPRegen 0.00/turn    (no ring)
MPRegen 0.10/turn

%: no passive effects
@: bloodless, inhibited regen
A: bloodless, fangs 3, see invisible, vampiric 2
a: Bat Form, Revivify, Renounce Religion


You were on level 2 of the Dungeon.
You worshipped Ru.
Ru was noncommittal.
You visited 1 branch of the dungeon, and saw 2 of its levels.

You collected 47 gold pieces.

Inventory:

Hand Weapons
 a - a +1 dagger
 f - a +0 dagger of speed (weapon)
Armour
 b - a +0 robe (worn)
Scrolls
 e - 3 scrolls of teleportation {unknown}
 g - 2 scrolls of enchant weapon {unknown}
 j - a scroll of enchant armour {unknown}
 k - a scroll of identify {unknown}
Potions
 c - 2 potions of invisibility
 d - 2 potions of curing {unknown}
 h - a potion of magic {unknown}
 i - 2 potions of mutation {unknown}


   Skills:
 * Level 2.5 Short Blades
 + Level 2.4 Dodging
 * Level 5.5 Stealth
 - Level 2.0 Spellcasting
 - Level 4.4 Hexes
 - Level 1.0 Ice Magic


You had one spell level left.
You knew the following spells:

 Your Spells              Type           Power      Damage    Failure   Level
a - Ensorcelled Hibernat  Hex/Ice        20%        N/A       10%         2
b - Confusing Touch       Hex            16%        N/A       10%         3

Your spell library contained the following spells:

 Spells                   Type           Power      Damage    Failure   Level
 Magic Dart               Conj           4%         1d3       19%         1
 Tukima's Dance           Hex            16%        N/A       10%         3
 Dazzling Flash           Conj/Hex       18%        N/A       24%         3
 Blink                    Tloc           2%         N/A       28%         2
 Call Imp                 Summ           2%         N/A       28%         2


Dungeon Overview and Level Annotations

Branches:
Dungeon (2/15)

Altars:
Ru


Innate Abilities, Weirdness & Mutations

You do not regenerate when monsters are visible.
You are frail without blood (-20% HP).
You can heal yourself when you bite living creatures.
You are immune to poison.
You have razor-sharp teeth.
You have supernaturally acute eyesight. (SInv)
You are afflicted with vampirism and can become a bat while bloodless.


Message History

The hobgoblin closely misses you. The kobold misses you.
Casting: Ensorcelled Hibernation (safe; 10% risk of failure)
Confirm with . or Enter, or press ? or * to list all spells.
Aiming: Ensorcelled Hibernation (safe; 10% risk of failure)
Press: ? - help, Shift-Dir - straight line, f - kobold
Aim: a kobold, wielding a +0 dagger (chance to affect: 62%)
The kobold resists with significant effort.
The goblin shoots a sling bullet.
The sling bullet hits you but does no damage.
The hobgoblin hits you. The kobold hits you but does no damage.
Casting: Ensorcelled Hibernation (safe; 10% risk of failure)
Confirm with . or Enter, or press ? or * to list all spells.
Aiming: Ensorcelled Hibernation (safe; 10% risk of failure)
Press: ? - help, Shift-Dir - straight line, f/p - kobold
Aim: a kobold, wielding a +0 dagger (chance to affect: 62%)
The kobold looks drowsy...
The goblin shoots a sling bullet.
The sling bullet closely misses you. The hobgoblin barely misses you.
Unknown command.
The helpless kobold fails to defend itself.
You bite the kobold, and draw its blood!
You feel better.
You impale the kobold!!
You kill the kobold!
The goblin shoots a sling bullet.
The sling bullet barely misses you.
You closely miss the hobgoblin. The hobgoblin closely misses you.
The goblin shoots a sling bullet.
The sling bullet hits you.
You hit the hobgoblin.
The hobgoblin is moderately wounded.
Casting: Ensorcelled Hibernation (safe; 10% risk of failure)
Confirm with . or Enter, or press ? or * to list all spells.
Aiming: Ensorcelled Hibernation (safe; 10% risk of failure)
Press: ? - help, Shift-Dir - straight line, f - hobgoblin
Aim: a hobgoblin (moderately wounded, chance to affect: 62%)
The hobgoblin resists with significant effort.
The hobgoblin hits you.
* * * LOW HITPOINT WARNING * * *
Unknown command.
You hit the hobgoblin but do no damage.
The hobgoblin is moderately wounded.
The hobgoblin hits you.
You die...

#..............
#......>.......
#..=.........#
#............#
#...g........#
#............# #.#
#......g.....# #.# .
#.....)@.....# #.#
#####'####<### #.# #
###.# #.# ##'##...##
#.# ###
.........#####.####..
.........+........'..
.........#.###.####..
###+##...'.....# #..
#...#.##### #..


You could see a hobgoblin and a goblin.

Vanquished Creatures
  An adder (D:2)
  3 dart slugs (D:1)
  4 endoplasms (D:1)
  A giant cockroach (D:1)
  3 hobgoblins (D:1)
  5 kobolds
  3 quokkas (D:1)
  4 bats (D:1)
  4 goblins
  4 rats (D:1)
32 creatures vanquished.

Notes
Turn   | Place    | Note
-------+----------+-------------------------------------------
     0 | D:1      | Aldia the Vampire Enchanter began the quest for the Orb.
     0 | D:1      | Reached XP level 1. HP: 13/13 MP: 3/3
   201 | D:1      | Reached XP level 2. HP: 15/15 MP: 5/5
   207 | D:1      | Learned a level 2 spell: Ensorcelled Hibernation
   244 | D:1      | Found a sacrificial altar of Ru.
   254 | D:1      | Reached skill level 5 in Stealth
   266 | D:1      | Became a worshipper of Ru the Awakened
   415 | D:1      | Gained mutation: You are afflicted with vampirism and can
                  | become a bat while bloodless. [Vampire growth]
   415 | D:1      | Reached XP level 3. HP: 16/19 MP: 6/6
   465 | D:1      | Learned a level 3 spell: Confusing Touch
   948 | D:2      | Reached skill level 1 in Ice Magic
  1043 | D:2      | Slain by a hobgoblin

Illustrated notes

Levels and vault maps discovered:
D:1:      minmay_arrival_hallway, layout_basic, corexii_item_surrounded_by_moat,
          minmay_hexomino_r4
D:2:      layout_basic

Skill      XL: |  1  2  3 |
---------------+----------+-----
Stealth        | 5 |  5.5
Short Blades   | 2 |  2.5
Ice Magic      | 1 |  1.0
Dodging        | |  2.4
Spellcasting   | |  2.0
Hexes          | |  4.4

Action                     || total
---------------------------++-------
  Melee: Dagger            ||    63
         Bite              ||     8
         Punch             ||     2
   Cast: Ensorcelled Hiber ||     4
Ability: Exsanguinate      ||     1
   Stab: Sleeping          ||    25
 Armour: Robe              ||    21
  Dodge: Dodged            ||    21

Table legend: (Time is in decaauts)
 A = Elapsed time spent in this place.
 B = Non-inter-level travel time spent in this place.
 C = Inter-level travel time spent in this place.
 D = Time resting spent in this place.
 E = Time spent auto-exploring this place.
 F = Levels seen in this place.
 G = Mean time per level.
                   A        B        C        D        E       F      G
               +--------+--------+--------+--------+--------+-----+--------+
         Total |   1028 |    982 |     46 |      0 |    743 |   2 |  514.0 |
       Dungeon |   1028 |    982 |     46 |      0 |    743 |   2 |  514.0 |
               +--------+--------+--------+--------+--------+-----+--------+

Top non-repeatable levels by time:
     D:1: 928 daAuts
     D:2: 99 daAuts
